 Dungeon Crawl Stone Soup version 0.16-a0-4002-g2d13b8e (webtiles) character file.

1500 BluebellGnoll the Fighter (level 8, -1/98 HPs)
             Began as an Ogre Gladiator on Feb 14, 2015.
             Was a Priest of Okawaru.
             Slain by a yak (9 damage)
             ... on level 5 of the Dungeon.
             The game lasted 00:19:29 (4768 turns).

BluebellGnoll the Fighter (Ogre Gladiator)          Turns: 4768, Time: 00:19:29

Health: -1/98      AC:  8    Str: 23    XL:     8   Next: 81%
Magic:  8/8        EV: 10    Int:  9    God:    Okawaru [***...]
Gold:   139        SH:  0    Dex: 10    Spells: 0 memorised, 7 levels left

rFire  + . .     SeeInvis +     a - +0 flail
rCold  . . .     Clarity  +     g - +1 robe "Uluang" {rF+ rCorr Str+2}
rNeg   . . .     SustAb   +     (shield restricted)
rPois  +         Gourm    .     c - +1 hat
rElec  .         Spirit   .     H - +2 cloak
rCorr  +         Warding  .     (gloves unavailable)
rMut   .         Stasis   .     (boots unavailable)
MR     .....                    (no amulet)
Stlth  +.........               C - ring of poison resistance
                                I - ring of sustain abilities

@: not resistant to hostile enchantments, very unstealthy
A: unfitting armour, claws 1, see invisible, berserk 1, clarity, tough skin 1,
MP-powered wands 2
a: Heroism, Renounce Religion


You were on level 5 of the Dungeon.
You worshipped Okawaru.
Okawaru was most pleased with you.
You were very hungry.

You visited 2 branches of the dungeon, and saw 7 of its levels.

You collected 294 gold pieces.
You spent 155 gold pieces at shops.

Inventory:

Hand weapons
 a - a +0 flail (weapon)
 A - a +2 hunting sling of flaming
Missiles
 i - 46 sling bullets
 n - 28 poisoned needles
 s - 99 stones
 t - a throwing net
 v - 3 needles of slowing
 x - 7 tomahawks (quivered)
Armour
 c - a +1 hat (worn)
 g - the +1 robe "Uluang" (worn) {rF+ rCorr Str+2}
   (You found it on level 5 of the Dungeon)

   It affects your strength (+2).
   It protects you from fire.
   It protects you from acid and corrosion.
 H - a +2 cloak (worn)
Jewellery
 o - a +1 ring of protection
 C - a ring of poison resistance (right claw)
 G - an uncursed ring of fire
 I - a ring of sustain abilities (left claw)
Magical devices
 b - a wand of random effects (20)
 e - a wand of polymorph (13)
Scrolls
 h - 2 scrolls of enchant armour
 j - 5 scrolls of teleportation
 k - a scroll of fear
 l - 2 scrolls of identify
 y - a scroll of remove curse
 E - a scroll of fog
 F - a scroll of immolation
Potions
 u - a potion of ambrosia {unknown}
 w - 2 potions of curing
 z - a potion of brilliance {unknown}
 J - a potion of cure mutation
Comestibles
 f - 2 meat rations
 m - 5 bread rations
 q - 2 beef jerkies
 r - 2 slices of pizza
 B - 9 fruits


   Skills:
 + Level 11.7 Fighting
 - Level 8.6 Maces & Flails
 - Level 2.1 Throwing
 - Level 2.6 Dodging


You had 7 spell levels left.
You didn't know any spells.

Dungeon Overview and Level Annotations

Branches:
Dungeon (6/15)             Temple (1/1) D:5

Altars:
Cheibriados
Dithmenos
Elyvilon
Kikubaaqudgha
Okawaru
Qazlal
Trog
Zin
The Shining One

Shops:
D:4 ?


Innate Abilities, Weirdness & Mutations

You are too large for most types of armour.
You have tough skin (AC +1).
You have sharp fingernails.
You have supernaturally acute eyesight.
You tend to lose your temper in combat.
You possess an exceptional clarity of mind.
You expend magic power (6 MP) to strengthen your wands.


Message History

The yak is almost dead.
The yak gores you.
* * * LOW HITPOINT WARNING * * *
You barely miss the yak.
The yak is almost dead.
The yak gores you but does no damage.
You completely miss the yak.
The yak is almost dead.
The yak gores you but does no damage.
You hit the yak.
The yak is almost dead.
The yak gores you.
* * * LOW HITPOINT WARNING * * *
You hit the yak.
The yak is almost dead.
The yak barely misses you.
You closely miss the yak.
The yak is almost dead.
The yak gores you!
You die...

#.# #.# ##########
#.####.####........#
#.##......'........#
#.#########........# #.#
#........# ####.######
#........# ........).##
#........#
####.####..###........####
........)....'..@.....+..#
####.#####.###..Y.....##.#
#.# #..####..######.#
####.# ##.####..# #.#
.....### #.>.....# #.#
#......# #.......# #.#
#......# #.......# #.#
#......# #.......# #.#
#'#....## ##.###.## #.#


You could see a yak.

Vanquished Creatures
  2 yaks (D:6)
  The ghost of ThorGoll the Chopper, an average HOFi (D:5)
  Eustachio (D:5)
  An ogre (D:4)
  A giant frog (D:6)
  2 crimson imps (D:5)
  A centaur zombie (D:5)
  An iron imp (D:5)
  4 orc priests
  An iguana (D:5)
  4 orc wizards
  A gnoll shaman (D:4)
  4 worker ants
  Ijyb (D:2)
  Terence (D:3)
  A worker ant zombie (D:5)
  A river rat (D:5)
  6 gnolls
  6 adders
  A shadow imp (D:5)
  2 giant mites
  A worm (D:3)
  An adder skeleton (D:6)
  3 giant geckos
  14 orcs
  3 ball pythons
  6 hobgoblins
  7 jackals
  5 kobolds
  2 oozes
  4 quokkas
  10 bats
  4 giant cockroaches
  7 giant newts
  9 goblins
  A quokka zombie (D:5)
  18 rats
138 creatures vanquished.

Notes
Turn   | Place    | Note
--------------------------------------------------------------
     0 | D:1      | BluebellGnoll, the Ogre Gladiator, began the quest for the Orb.
     0 | D:1      | Reached XP level 1. HP: 22/22 MP: 1/1
   157 | D:1      | Reached XP level 2. HP: 24/31 MP: 2/2
   615 | D:2      | Reached XP level 3. HP: 21/40 MP: 3/3
   680 | D:2      | Found a shadowy altar of Dithmenos.
   778 | D:2      | Noticed Ijyb
   786 | D:2      | Reached skill level 5 in Fighting
   793 | D:2      | Killed Ijyb
   793 | D:2      | Reached XP level 4. HP: 41/50 MP: 4/4
  1213 | D:2      | Found a glowing golden altar of the Shining One.
  1394 | D:2      | Reached skill level 6 in Fighting
  1648 | D:3      | Noticed Terence
  1659 | D:3      | Killed Terence
  1659 | D:3      | Reached XP level 5. HP: 59/59 MP: 5/5
  1834 | D:3      | Reached skill level 5 in Maces & Flails
  2210 | D:4      | Found a snail-covered altar of Cheibriados.
  2228 | D:4      | Found Adodoust's Magic Scroll Shop.
  2264 | D:4      | Found a white marble altar of Elyvilon.
  2265 | D:4      | Bought a scroll of identify for 20 gold pieces
  2265 | D:4      | Bought a scroll of teleportation for 30 gold pieces
  2265 | D:4      | Bought a scroll of fog for 20 gold pieces
  2265 | D:4      | Bought a scroll of immolation for 35 gold pieces
  2265 | D:4      | Bought a scroll of teleportation for 30 gold pieces
  2265 | D:4      | Bought a scroll of identify for 20 gold pieces
  2328 | D:4      | Found an iron altar of Okawaru.
  2338 | D:4      | Became a worshipper of Warmaster Okawaru
  2486 | D:4      | Reached XP level 6. HP: 59/67 MP: 6/6
  2598 | D:4      | Noticed an ogre
  2608 | D:4      | Killed an ogre
  2608 | D:4      | Reached skill level 7 in Maces & Flails
  2629 | D:4      | Acquired Okawaru's first power
  2642 | D:4      | Reached skill level 8 in Maces & Flails
  2995 | D:4      | Reached XP level 7. HP: 69/75 MP: 7/7
  3112 | D:5      | Entered Level 5 of the Dungeon
  3138 | D:5      | Gained mutation: You have supernaturally acute eyesight. [potion of mutation]
  3138 | D:5      | Gained mutation: You expend magic power (3 MP) to slightly strengthen your wands. [potion of mutation]
  3138 | D:5      | Gained mutation: You tend to lose your temper in combat. [potion of mutation]
  3139 | D:5      | Gained mutation: You expend magic power (6 MP) to strengthen your wands. [potion of mutation]
  3139 | D:5      | Gained mutation: You have sharp fingernails. [potion of mutation]
  3140 | D:5      | Gained mutation: You possess an exceptional clarity of mind. [potion of mutation]
  3170 | D:5      | Found a staircase to the Ecumenical Temple.
  3188 | Temple   | Entered the Ecumenical Temple
  3227 | D:5      | Got a faintly glowing robe
  3252 | D:5      | Identified the +1 robe "Uluang" {rF+ rCorr Str+2} (You found it on level 5 of the Dungeon)
  3257 | D:5      | Noticed ThorGoll's ghost (average HOFi)
  3276 | D:5      | Killed ThorGoll's ghost
  3341 | D:5      | Noticed Eustachio
  3396 | D:5      | Killed Eustachio
  3548 | D:5      | Reached XP level 8. HP: 52/91 MP: 8/8
  3679 | D:5      | Reached skill level 9 in Fighting
  3876 | D:5      | Found a glowing silver altar of Zin.
  4196 | D:6      | Reached skill level 10 in Fighting
  4233 | D:6      | Found a bloodstained altar of Trog.
  4385 | D:6      | Reached skill level 11 in Fighting
  4768 | D:5      | Slain by a yak

Action                   |  1- 3 |  4- 6 |  7- 9 || total
-------------------------+-------+-------+-------++-------
Melee: Flail             |    98 |   205 |   218 ||   521
Throw: Stone             |     1 |    20 |       ||    21
       Throwing net      |     1 |     3 |     1 ||     5
       Tomahawk          |       |       |    14 ||    14
  Use: Scroll            |       |     6 |    11 ||    17
       Potion            |       |       |     6 ||     6
 Stab: Sleeping          |     1 |     1 |       ||     2
       Held in net/web   |       |     1 |       ||     1
  Eat: Chunk             |       |     7 |     5 ||    12
